 Dungeon Crawl Stone Soup version 0.22-a0-803-gd6d8abe (webtiles) character file.

9597 riteheju the Carver (level 11, -17/86 HPs)
             Began as a Demonspawn Fighter on July 22, 2018.
             Killed from afar by Harold (29 damage)
             ... with a bolt of fire
             ... on level 10 of the Dungeon.
             The game lasted 00:39:14 (13593 turns).

riteheju the Carver (Demonspawn Fighter)           Turns: 13593, Time: 00:39:14

Health: -17/86     AC: 19    Str: 20    XL:     11   Next: 25%
Magic:  11/11      EV:  5    Int:  9    God:
Gold:   542        SH: 10    Dex: 13    Spells: 10/10 levels left

rFire    . . .     SeeInvis .   F - +3 long sword
rCold    . . .     Gourm    .   c - +0 shield
rNeg     . . .     Faith    .   p - +0 plate armour
rPois    +         Spirit   .   (helmet restricted)
rElec    .         Reflect  .   i - +0 cloak {+Inv}
rCorr    .         Harm     .   t - +0 pair of gloves
MR       .....                  (no boots)
Stlth    ..........             (no amulet)
HPRegen  0.24/turn              o - +3 ring of protection
MPRegen  0.12/turn              s - ring of poison resistance

@: no status effects
A: antennae 2, powered by death 1, spiny 2, augmentation 1
a: Evoke Invisibility


You were on level 10 of the Dungeon.
You were not hungry.

You visited 2 branches of the dungeon, and saw 11 of its levels.
You also visited: Bailey.

You collected 542 gold pieces.

Inventory:

Hand Weapons
 F - a +3 long sword (weapon)
Armour
 b - a +0 scale mail
 c - a +0 shield (worn)
 i - a +0 cloak of invisibility (worn)
 p - a +0 plate armour (worn)
 t - a +0 pair of gloves (worn)
 v - a +0 cloak
 A - +0 steam dragon scales
Magical Staves
 a - an uncursed staff of fire {unknown}
 n - an uncursed staff of summoning
Jewellery
 o - a +3 ring of protection (left hand)
 s - a ring of poison resistance (right hand)
Wands
 r - a wand of acid (9)
 B - a wand of iceblast (10)
Scrolls
 g - 6 scrolls of magic mapping
 k - a scroll of amnesia
 l - 2 scrolls of blinking
 q - 3 scrolls of remove curse
 u - a scroll of enchant weapon
 w - 4 scrolls of teleportation
 x - a scroll of fog
 y - 3 scrolls of enchant armour
Potions
 d - 2 potions of might
 e - a potion of flight
 h - a potion of magic
 j - a potion of resistance
 z - a potion of lignification
 C - a potion of cancellation
 D - a potion of curing
 E - a potion of brilliance {unknown}
Comestibles
 f - 18 rations


   Skills:
 * Level 7.9 Fighting
   Level 1.9(7.4) Short Blades
 * Level 11.1(11.2) Long Blades
 + Level 7.7 Armour
 - Level 1.0 Dodging
 - Level 0.3 Stealth
 + Level 6.8 Shields


You had 10 spell levels left.
You didn't know any spells.
Your spell library was empty.

Dungeon Overview and Level Annotations

Branches:
Dungeon (10/15)            Temple (1/1) D:5            Lair (0/6) D:10
    Orc (0/2) D:9

Altars:
Ashenzari
Cheibriados
Dithmenos
Elyvilon
Fedhas
Gozag
Hepliaklqana
Kikubaaqudgha
Makhleb
Nemelex Xobeh
Okawaru
Qazlal
Ru
Sif Muna
Trog
Uskayaw
Vehumet
Wu Jian
Xom
Yredelemnul
Zin
The Shining One

Shops:
D:5 (

Annotations:
D:4 2 transporters, iamserjio's ghost, amateur SpMo
D:10 Harold; Maurice


Innate Abilities, Weirdness & Mutations

You have a pair of antennae on your head.
You regenerate a little health from kills.
You are mostly covered in sharp spines.
Your magical and physical power is slightly enhanced at high health.


Message History

Harold is almost dead.
Harold hits you but does no damage.
You hit Harold.
Harold is almost dead.
Harold mumbles some strange words.
Harold blinks!
Harold casts a spell at you. The bolt of fire hits you!
* * * LOW HITPOINT WARNING * * *
You closely miss Harold.
Harold is almost dead.
You block Harold's attack.
You feel better.
Harold hits you with the +9 staff of Wucad Mu {channel}.
* * * LOW HITPOINT WARNING * * *
You barely miss Harold.
Harold is almost dead.
Harold points at you and mumbles some strange words.
The bolt of fire hits you!
You die...

#...##..)..##.....#
#####...#.......#.....#
#.........#.......#.....#
#.......................#
#.......@...............#
#.......#.....>.........#
#.......#...............#
#.......#......).........
#.......#.#@@(....#......
..... ###.......#...:..
##.....##...... ##...###
'### #########.....#
########.............#
#..........>.........##.##
#................#)[......
#................)<.......


You could see Harold and Maurice.

Vanquished Creatures
  A two-headed ogre (D:10)
  A cyclops (D:10)
  Joseph (D:7)
  Prince Ribbit (D:7)
  2 hippogriffs
  11 yaks (D:9)
  A human (D:8)
  4 hogs (D:8)
  A wraith (D:10)
  2 steam dragons (D:9)
  Grum (D:10)
  2 wargs (D:10)
  4 orc warriors
  An ice beast (D:5)
  2 sky beasts
  An eye of draining (D:10)
  3 ogres
  2 phantoms
  3 centaurs
  4 wolves
  A crocodile (D:9)
  4 bullfrogs
  A wyvern zombie (D:6)
  A gnoll sergeant (D:7)
  A scorpion (D:9)
  7 killer bees
  9 wights (D:10)
  A centaur zombie (D:10)
  2 crimson imps (D:6)
  2 bullfrog zombies
  5 hounds
  9 orc priests
  3 jellies
  8 orc wizards
  Natasha (thrice) (D:3 D:6)
  2 centaur skeletons
  7 worker ants
  An iguana (D:6)
  2 hound zombies
  A worker ant zombie (D:8)
  A howler monkey zombie (D:8)
  4 gnolls (D:7)
  10 adders
  2 shadow imps
  An ooze (D:4)
  2 adder skeletons (D:4)
  A worm (D:2)
  6 leopard geckos
  36 orcs
  7 bats
  3 giant cockroaches
  7 goblins
  7 hobgoblins
  9 jackals
  4 quokkas
  8 frilled lizards
  4 kobolds (D:1)
  A leopard gecko zombie (D:8)
  2 quokka skeletons
  5 rats
238 creatures vanquished.

Vanquished Creatures (others)
  3 fungi (D:9)
3 creatures vanquished.

Grand Total: 241 creatures vanquished

Notes
Turn   | Place    | Note
-------+----------+-------------------------------------------
     0 | D:1      | riteheju the Demonspawn Fighter began the quest for the Orb.
     0 | D:1      | Reached XP level 1. HP: 18/18 MP: 1/1
   160 | D:1      | Gained mutation: You are partially covered in sharp spines. [demonic ancestry]
   160 | D:1      | Reached XP level 2. HP: 24/24 MP: 2/2
   317 | D:1      | Reached skill level 2 in Long Blades
   898 | D:1      | Reached XP level 3. HP: 29/29 MP: 3/3
  1240 | D:2      | Found a burning altar of Makhleb.
  1530 | D:2      | Found a burning altar of Makhleb.
  1537 | D:2      | Gained mutation: You are mostly covered in sharp spines. [demonic ancestry]
  1537 | D:2      | Reached XP level 4. HP: 33/35 MP: 4/4
  1968 | D:2      | Found a snail-covered altar of Cheibriados.
  2258 | D:3      | Noticed Natasha
  2272 | D:3      | Killed Natasha
  2279 | D:3      | Gained mutation: You have a pair of small antennae on your head. [demonic ancestry]
  2279 | D:3      | Reached XP level 5. HP: 26/41 MP: 5/5
  2290 | D:3      | Reached skill level 1 in Short Blades
  2481 | D:3      | Found a shadowy altar of Dithmenos.
  2564 | D:3      | Reached skill level 1 in Dodging
  2859 | D:3      | Noticed Natasha
  2870 | D:3      | Killed Natasha
  3111 | D:4      | Found an ornate altar of the Wu Jian Council.
  3127 | D:4      | Found a transporter.
  3182 | D:4      | Reached skill level 3 in Long Blades
  3191 | D:4      | Gained mutation: Your magical and physical power is slightly enhanced at high health. [demonic ancestry]
  3191 | D:4      | Reached XP level 6. HP: 20/48 MP: 6/6
  3474 | D:4      | Noticed iamserjio's ghost (amateur SpMo)
  3498 | D:4      | Found a transporter.
  3631 | D:4      | Found a shattered altar of Ashenzari.
  4291 | D:5      | Entered Level 5 of the Dungeon
  4476 | D:5      | Found a deep blue altar of Sif Muna.
  4549 | D:5      | Gained mutation: You regenerate a little health from kills. [demonic ancestry]
  4549 | D:5      | Reached XP level 7. HP: 54/54 MP: 7/7
  4691 | D:5      | Found a staircase to the Ecumenical Temple.
  4698 | Temple   | Entered the Ecumenical Temple
  5127 | D:5      | Reached skill level 4 in Long Blades
  5575 | D:5      | Found Cigas's Weapon Shoppe.
  5755 | D:6      | Found an opulent altar of Gozag.
  5763 | D:6      | Reached XP level 8. HP: 60/61 MP: 8/8
  5812 | D:6      | Reached skill level 5 in Long Blades
  5856 | D:6      | Reached skill level 5 in Armour
  6202 | D:6      | Reached skill level 5 in Fighting
  6731 | D:6      | Found a glowing golden altar of the Shining One.
  6861 | D:6      | Noticed Natasha
  6898 | D:6      | Killed Natasha
  7359 | D:6      | Reached skill level 6 in Long Blades
  8111 | D:7      | Noticed Joseph
  8135 | D:7      | Killed Joseph
  8135 | D:7      | Reached skill level 7 in Long Blades
  8135 | D:7      | Reached XP level 9. HP: 44/69 MP: 9/9
  8363 | D:7      | Found an ancient bone altar of Kikubaaqudgha.
  8382 | D:7      | Reached skill level 5 in Shields
  8815 | D:7      | Noticed Prince Ribbit
  8821 | D:7      | Killed Prince Ribbit
  8916 | D:7      | Found a radiant altar of Vehumet.
  9255 | D:8      | Reached skill level 8 in Long Blades
  9742 | D:8      | Gained mutation: You have a pair of antennae on your head. [demonic ancestry]
  9742 | D:8      | Reached XP level 10. HP: 70/77 MP: 10/10
 10177 | D:9      | Found a flagged portal.
 10201 | Bailey   | Entered a bailey
 10222 | Bailey   | HP: 3/77 [orc warrior/bolt (26)]
 10582 | D:9      | Reached skill level 9 in Long Blades
 11304 | D:9      | HP: 3/79 [steam dragon] (7)]
 11305 | D:9      | HP: 1/79 [steam dragon (3)]
 11788 | D:9      | Found a hide-covered altar of Uskayaw.
 11851 | D:9      | Found a staircase to the Orcish Mines.
 11908 | D:9      | Found an iron altar of Okawaru.
 11909 | D:9      | Found a bloodstained altar of Trog.
 11923 | D:9      | Reached skill level 10 in Long Blades
 12278 | D:10     | Entered Level 10 of the Dungeon
 12304 | D:10     | Noticed Grum
 12349 | D:10     | Killed Grum
 12591 | D:10     | Reached XP level 11. HP: 65/84 MP: 11/11
 12598 | D:10     | Noticed Harold
 12940 | D:10     | Noticed a two-headed ogre
 13077 | D:10     | Found a staircase to the Lair.
 13090 | D:10     | Killed a two-headed ogre
 13096 | D:10     | Reached skill level 11 in Long Blades
 13305 | D:10     | Noticed Maurice
 13593 | D:10     | Killed from afar by Harold

Vault maps used:
D:1:      dpeg_arrival_leaves_temple_mockup
D:2:      lemuel_crystal_altar, lemuel_doored_altar, serial_glass,
          glass_columns_a, glass_columns_b, glass_columns_b, glass_columns_a,
          glass_columns_a, glass_columns_c, makhleb_heckhound_becter
D:3:      old_standard_altar, uniq_natasha
D:4:      old_standard_altar, nicolae_overflow_hidden_temple,
          gammafunk_ghost_stat_death, serial_bayou_pond_c, kennysheep_nub
D:5:      lemuel_blue_sif_altar, temple_green, first_ration, serial_shops,
          kennysheep_mini_moat
D:6:      tso_metal_star, grunt_gozag_breadcrumbs
D:7:      lemuel_crystal_altar, nicolae_overflow_crystal_walls,
          uniq_prince_ribbit1, uniq_joseph
D:8:      grunt_livestock, nrook_pool_corridor
D:9:      kennysheep_steamy, kennysheep_little_box,
          grunt_temple_overflow_bloody_war, orc_0_dummy, enter_bailey_2
D:10:     erik_lair_orcish_takeover, special_room, basic_altar, uniq_grum,
          uniq_harold, uniq_maurice
Temple:   chequers_temple_sunken
Bailey:   bailey_polearm_2, bailey

Skill      XL: |  1  2  3  4  5  6  7  8  9 10 11 |
---------------+----------------------------------+-----
Long Blades    | 2 3 4 7 8 10 11 | 11.1
Armour         | 3 4 5 6 7 |  7.7
Shields        | 3 4 5 6 |  6.8
Short Blades   | 1 |  1.9
Dodging        | 1 |  1.0
Fighting       | 4 5 6 7 |  7.9
Stealth        | |  0.3

Action                   |  1- 3 |  4- 6 |  7- 9 | 10-12 || total
-------------------------+-------+-------+-------+-------++-------
Melee: Long sword        |    51 |    41 |   280 |   366 ||   738
       Short sword       |    47 |   130 |       |       ||   177
  Use: Scroll            |     4 |     6 |    11 |     3 ||    24
       Potion            |       |     4 |     2 |     6 ||    12
  Eat: Chunk             |     2 |    10 |     6 |     3 ||    21
       Ration            |       |       |     3 |     3 ||     6
Armor: Scale mail        |    40 |    60 |    29 |       ||   129
       Plate armour      |       |       |   130 |   144 ||   274
Dodge: Dodged            |    23 |    43 |    48 |    60 ||   174
Block: Shield            |    46 |    86 |   122 |   165 ||   419
       Rpst.: Long sword |     5 |     2 |    16 |    17 ||    40

Table legend:
 A = Spawn XP
 B = Non-spawn XP
 C = Spawn XP percentage of total XP
 D = Spawn monster count
 E = Non-spawn monster count
 F = Spawn count percentage of total count
 G = Total turns spent on level
                    A         B        C        D         E        F      G
               +---------+---------+-------+---------+---------+-------+---------
         Total |       0 |   13711 |   0.0 |       0 |     238 |   0.0 | 13593
               +---------+---------+-------+---------+---------+-------+---------
           D:1 |       0 |      46 |   0.0 |       0 |      27 |   0.0 |  1096
           D:2 |       0 |     106 |   0.0 |       0 |      15 |   0.0 |  1149
           D:3 |       0 |     174 |   0.0 |       0 |      20 |   0.0 |   838
           D:4 |       0 |     275 |   0.0 |       0 |      22 |   0.0 |  1208
           D:5 |       0 |     587 |   0.0 |       0 |      16 |   0.0 |  2141
           D:6 |       0 |    1144 |   0.0 |       0 |      32 |   0.0 |  1458
           D:7 |       0 |    1369 |   0.0 |       0 |      12 |   0.0 |  1025
           D:8 |       0 |    1972 |   0.0 |       0 |      20 |   0.0 |  1186
           D:9 |       0 |    3423 |   0.0 |       0 |      29 |   0.0 |  2468
          D:10 |       0 |    4615 |   0.0 |       0 |      45 |   0.0 |   689
               +---------+---------+-------+---------+---------+-------+---------
